 Dungeon Crawl Stone Soup version 0.30-a0-758-gc2c871d025 (webtiles) character file.

Game seed: 3644104089112838295

26154 Querens the Nimble (level 12, -9/62 HPs)
             Began as a Spriggan Enchanter on Feb 10, 2023.
             Was a High Priest of Wu Jian.
             Mangled by a three-headed hydra simulacrum (33 damage)
             ... in an ice cave.
             The game lasted 00:39:19 (8779 turns).

Querens the Nimble (Spriggan Enchanter)             Turns: 8779, Time: 00:39:19

Health: -9/62      AC:  6    Str:  4    XL:     12   Next: 95%
Magic:  25/29      EV: 29    Int: 17    God:    Wu Jian [*****.]
Gold:   1228       SH:  0    Dex: 26    Spells: 24/35 levels left

rFire   . . .      SeeInvis +    o - +4 dagger
rCold   . . .      Faith    .    (no shield)
rNeg    . . .      Spirit   .    b - +0 troll leather armour
rPois   .          Reflect  .    L - +2 hat
rElec   .          Harm     .    (no cloak)
rCorr   +          Rampage  .    (gloves unavailable)
Will    ++...                    (boots unavailable)
Stlth   +++                      (no amulet)
HPRegen 1.10/turn                m - +6 ring of dexterity
MPRegen 0.21/turn                z - ring of resist corrosion

@: very quick
A: very small, no large weapons, unfitting armour, see invisible, speed 3
a: Renounce Religion, Wall Jump, Serpent's Lash, Heavenly Storm


You were in an ice cave.
You worshipped Wu Jian.
Wu Jian was extremely pleased with you.
You visited 2 branches of the dungeon, and saw 13 of its levels.
You also visited: Sewer and Ice Cave.

You collected 1228 gold pieces.

Inventory:

Hand Weapons
 i - a +2 short sword of electrocution
 o - a +4 dagger (weapon)
 G - a +0 dagger of chaos
Missiles
 K - 2 curare-tipped darts (quivered)
 M - 2 atropa-tipped darts
Armour
 b - a +0 troll leather armour (worn)
 L - a +2 hat (worn)
 S - +0 steam dragon scales
Jewellery
 a - a ring of fire
 m - a +6 ring of dexterity (left hand)
 z - a ring of resist corrosion (right hand)
 P - a ring of fire
Wands
 n - a wand of paralysis (12)
 w - a wand of polymorph (5)
 x - a wand of iceblast (10)
 B - a wand of digging (6)
 C - a wand of flame (54)
Scrolls
 d - a scroll of enchant armour {unknown}
 h - 3 scrolls of amnesia {unknown}
 j - 4 scrolls of poison
 q - a scroll of immolation {unknown}
 r - a scroll of magic mapping {unknown}
 s - 10 scrolls of teleportation
 t - a scroll of fear {unknown}
 v - 2 scrolls of brand weapon {unknown}
 y - 2 scrolls of noise {unknown}
 E - 3 scrolls of enchant weapon {unknown}
 F - a scroll of silence {unknown}
 H - a scroll of summoning {unknown}
 N - a scroll of fog {unknown}
 O - a scroll of blinking {unknown}
 Q - a scroll of vulnerability {unknown}
 R - a scroll of torment {unknown}
Potions
 c - 2 potions of invisibility
 e - a potion of brilliance {unknown}
 f - 2 potions of magic
 g - 7 potions of mutation
 k - 5 potions of lignification
 l - 6 potions of haste
 p - 2 potions of flight
 u - a potion of berserk rage
 D - a potion of curing
 J - a potion of might {unknown}
 T - a potion of cancellation {unknown}


   Skills:
 - Level 6.8 Fighting
 + Level 10.9 Short Blades
 + Level 13.1 Dodging
 - Level 4.4 Stealth
 + Level 12.1 Spellcasting
 + Level 12.3 Hexes


You had 24 spell levels left.
You knew the following spells:

 Your Spells              Type           Power      Damage    Failure   Level
a - Ensorcelled Hibernat  Hex/Ice        62%        N/A       1%          2
b - Confusing Touch       Hex            51%        N/A       1%          3
c - Dazzling Flash        Conj/Hex       62%        N/A       3%          3
d - Tukima's Dance        Hex            51%        N/A       1%          3

Your spell library contained the following spells:

 Spells                   Type           Power      Damage    Failure   Level
 Summon Guardian Golem    Hex/Summ       31%        N/A       3%          3
 Fulminant Prism          Conj/Hex       15%        3d10      10%         4
 Magic Dart               Conj           40%        1d5       12%         1
 Blink                    Tloc           20%        N/A       19%         2
 Call Imp                 Summ           10%        N/A       19%         2
 Lesser Beckoning         Tloc           20%        N/A       19%         2
 Searing Ray              Conj           20%        2d5       19%         2
 Sublimation of Blood     Necr           10%        N/A       19%         2
 Metabolic Englaciation   Hex/Ice        15%        N/A       26%         5
 Gell's Gravitas          Tloc           10%        N/A       36%         3
 Mephitic Cloud           Conj/Pois/Air  10%        N/A       36%         3
 Ozocubu's Armour         Ice            10%        N/A       36%         3
 Teleport Other           Tloc           10%        N/A       36%         3
 Iskenderun's Mystic Bla  Conj/Tloc      10%        2d4       77%         4
 Manifold Assault         Tloc           10%        N/A       77%         4
 Olgreb's Toxic Radiance  Pois           10%        N/A       77%         4
 Petrify                  Tmut/Erth      10%        N/A       77%         4
 Irradiate                Conj/Tmut      5%         3d13      98%         5
 Iskenderun's Battlesphe  Conj           10%        2d6       98%         5
 Dispersal                Tloc           5%         N/A       100%        6
 Iron Shot                Conj/Erth      5%         9d2       100%        6
 Simulacrum               Ice/Necr       5%         N/A       100%        6
 Starburst                Conj/Fire      5%         6d4       100%        6
 Orb of Destruction       Conj           5%         9d5       100%        7
 Ozocubu's Refrigeration  Ice            5%         4d8       100%        7
 Spellforged Servitor     Conj/Summ      5%         N/A       100%        7
 Storm Form               Tmut/Air       5%         N/A       100%        7
 Ignition                 Fire           5%         3d4       100%        8


Dungeon Overview and Level Annotations

Branches:
Dungeon (11/15)            Temple (0/1) D:4            Lair (0/5) D:10
    Orc (2/2) D:11          Sewer (visited)           IceCv (1/1)
    Elf: Orc:2

Altars:
Dithmenos
Fedhas
Hepliaklqana
Kikubaaqudgha
Okawaru
Qazlal
Ru
Wu Jian
Yredelemnul
Zin
The Shining One

Shops:
D:3 [

Annotations:
D:11 3 runed translucent doors, TimeIsEndless's ghost, journeyman OgGl


Innate Abilities, Weirdness & Mutations

You are very small and have problems with some larger weapons.
You are too small for most types of armour.
You have supernaturally acute eyesight. (SInv)
You cover ground extremely quickly. (Speed+++)


Message History

The ice devil is severely wounded.
You catch the helpless ice devil completely off-guard!
You impale the ice devil!!
You kill the ice devil!
The Council accepts your kill.
A death yak simulacrum comes into view.
You lunge at the three-headed hydra simulacrum.
The helpless three-headed hydra simulacrum fails to defend itself.
You stick the three-headed hydra simulacrum like a pincushion!!!!
The three-headed hydra simulacrum vaporises!
The Council accepts your kill.
The helpless death yak simulacrum fails to defend itself.
You stick the death yak simulacrum like a pincushion!!!!
The death yak simulacrum vaporises!
The Council accepts your kill.
The white imp shouts, "Return whence thou came, thou puny two-tin-hat pustule!"
Casting: Confusing Touch (safe; 1% risk of failure)
Confirm with . or Enter, or press ? or * to list all spells.
Your hands begin to glow red.
Casting: Confusing Touch (safe; 1% risk of failure)
Confirm with . or Enter, or press ? or * to list all spells.
You can't see any susceptible monsters within range! (Use Z to cast anyway.) Unknown command.
You lunge at the reaper, in a flurry of attacks.
You hit the reaper but do no damage.
The reaper is lightly wounded.
You hit the reaper but do no damage.
The reaper is lightly wounded.
You hit the reaper but do no damage.
The reaper appears confused.
The reaper is lightly wounded.
You barely miss the reaper. You hit the reaper.
The reaper is lightly wounded.
The three-headed hydra simulacrum bites you!
The three-headed hydra simulacrum freezes you!!
The three-headed hydra simulacrum completely misses you.
The three-headed hydra simulacrum bites you.
The three-headed hydra simulacrum freezes you!!
Ouch! That really hurt!
You die...

|#. $.# ###.. #####
##...## ###...####
#...Z. ##...#....###
#.2°###..####.....##
#..5##..#####.....#
###Z.##...######...
##2@###..⌠..# ##..
##.##.#.#..)## ###
#≈.###.######
####### #≈≈######
###....## ##≈≈≈#≈≈
###...#.... ###≈≈≈
###....######
#≈≈≈###...####
#.##...## ##.....##
#


You could see a reaper (confused), a white imp (wandering) and a three-headed
hydra simulacrum.

Vanquished Creatures
  Gastronok (D:8)
  Erica (D:8)
  Amaemon (D:8)
  Pikel (D:6)
  A deep elf pyromancer (Orc:1)
  A deep elf zephyrmancer (Orc:1)
  A cyclops (D:11)
  An ice statue (IceCv)
  An orange demon (D:8)
  A freezing wraith (IceCv)
  Psyche (D:8)
  A komodo dragon (D:10)
  A kobold demonologist (D:9)
  An ice devil (IceCv)
  4 trolls
  A dire elephant simulacrum (IceCv)
  A vampire (D:11)
  A wyvern (D:10)
  A shadow (D:11)
  11 yaks
  7 vampire mosquitoes (D:11)
  3 death yak simulacra (IceCv)
  2 steam dragons
  A warg (Orc:1)
  A hydra simulacrum (IceCv)
  2 water moccasins
  A swamp drake (Orc:1)
  10 orc warriors
  2 sky beasts
  An ice beast (D:5)
  A black bear (D:8)
  2 ogres (Orc:1)
  9 centaurs
  A phantom (D:6)
  3 kobold brigands (D:8)
  2 bullfrogs
  A necrophage (D:7)
  3 two-headed ogre simulacra (IceCv)
  3 scorpions
  3 cane toad simulacra (IceCv)
  A hornet simulacrum (D:11)
  7 killer bees
  6 howler monkeys (D:9)
  A crimson imp (Orc:1)
  A hound (D:7)
  A jelly (D:5)
  7 orc priests
  13 orc wizards
  An iron imp (Orc:1)
  3 gnoll boudas
  An iguana (D:5)
  7 troll simulacra (IceCv)
  A polar bear simulacrum (IceCv)
  2 wolf simulacra (IceCv)
  5 spriggan simulacra (IceCv)
  22 gnolls
  13 adders
  3 naga simulacra (IceCv)
  2 shadow imps
  21 white imps
  7 ufetubi
  2 worms (D:2)
  3 dart slugs
  54 orcs
  14 bats
  4 endoplasms
  4 giant cockroaches
  11 goblins
  18 hobgoblins
  2 jackals (D:1)
  5 quokkas
  2 ball pythons
  5 frilled lizards
  23 kobolds
  5 rats
368 creatures vanquished.

Vanquished Creatures (others)
  A dancing weapon (D:6)
  17 plants
18 creatures vanquished.

Grand Total: 386 creatures vanquished

Notes
Turn   | Place    | Note
-------+----------+-------------------------------------------
     0 | D:1      | Querens the Spriggan Enchanter began the quest for the Orb.
     0 | D:1      | Reached XP level 1. HP: 9/9 MP: 5/5
    62 | D:1      | You fall into a shaft and drop 1 floor!
    94 | D:2      | Found a shadowy altar of Dithmenos.
   291 | D:1      | Reached skill level 3 in Dodging
   342 | D:1      | Reached XP level 2. HP: 13/13 MP: 6/6
   349 | D:1      | Learned a level 2 spell: Ensorcelled Hibernation
   856 | D:2      | Reached XP level 3. HP: 16/16 MP: 8/8
  1162 | D:2      | Reached XP level 4. HP: 15/21 MP: 8/10
  1228 | D:2      | Reached skill level 4 in Dodging
  1440 | D:3      | Found Saol's Armour Boutique.
  1491 | D:3      | Reached XP level 5. HP: 24/24 MP: 11/11
  1553 | D:3      | Found a faded altar of an unknown god.
  1660 | D:3      | Found a basalt altar of Yredelemnul.
  1768 | D:3      | Found a glowing drain.
  1780 | Sewer    | Entered a sewer
  1812 | Sewer    | Noticed a water moccasin
  1820 | Sewer    | Killed a water moccasin
  1821 | Sewer    | Reached skill level 5 in Hexes
  1821 | Sewer    | Reached XP level 6. HP: 28/28 MP: 13/13
  2054 | D:3      | Found a glowing silver altar of Zin.
  2275 | D:4      | Found an ornate altar of the Wu Jian Council.
  2278 | D:4      | Became a worshipper of the Wu Jian Council
  2303 | D:4      | Found a staircase to the Ecumenical Temple.
  2486 | D:4      | Reached skill level 5 in Dodging
  2585 | D:5      | Entered Level 5 of the Dungeon
  2653 | D:5      | Reached skill level 5 in Spellcasting
  2659 | D:5      | Noticed an ice beast
  2662 | D:5      | Found a hazy altar of Hepliaklqana.
  2703 | D:4      | Learned a level 3 spell: Confusing Touch
  2707 | D:4      | Learned a level 3 spell: Dazzling Flash
  2711 | D:4      | Learned a level 3 spell: Tukima's Dance
  2721 | D:5      | Killed an ice beast
  2722 | D:5      | Reached XP level 7. HP: 29/32 MP: 11/15
  2754 | D:5      | Found an iron altar of Okawaru.
  2809 | D:5      | Reached * piety under Wu Jian
  2829 | D:5      | Reached skill level 6 in Dodging
  3089 | D:5      | Found a glowing golden altar of the Shining One.
  3280 | D:6      | Noticed Pikel
  3299 | D:6      | Killed Pikel
  3300 | D:6      | Reached skill level 5 in Short Blades
  3300 | D:6      | Reached skill level 7 in Dodging
  3300 | D:6      | Reached XP level 8. HP: 22/36 MP: 13/19
  3757 | D:7      | Reached skill level 8 in Dodging
  3799 | D:7      | Noticed a troll
  3814 | D:7      | Killed a troll
  3815 | D:7      | Reached XP level 9. HP: 39/39 MP: 18/21
  3921 | D:7      | Reached ** piety under Wu Jian
  4330 | D:8      | Noticed Psyche
  4336 | D:8      | Killed Psyche
  4337 | D:8      | Reached skill level 9 in Dodging
  4360 | D:8      | Noticed Gastronok
  4728 | D:8      | Noticed Erica
  4748 | D:8      | Reached *** piety under Wu Jian
  4782 | D:8      | Killed Erica
  4783 | D:8      | Reached skill level 10 in Dodging
  4783 | D:8      | Reached XP level 10. HP: 44/44 MP: 5/24
  4796 | D:8      | Found a sacrificial altar of Ru.
  4884 | D:8      | Noticed Amaemon
  4893 | D:8      | Noticed an orange demon
  4916 | D:8      | Killed Amaemon
  4995 | D:8      | Killed an orange demon
  5100 | D:8      | Found a blossoming altar of Fedhas.
  5213 | D:8      | Killed Gastronok
  5214 | D:8      | Reached skill level 10 in Spellcasting
  5214 | D:8      | Reached skill level 10 in Hexes
  5239 | D:8      | Identified the +0 pair of boots of Noughts and Crosses
                  | {Regen+}
  5464 | D:9      | Reached skill level 11 in Dodging
  6009 | D:9      | Found a stormy altar of Qazlal.
  6011 | D:9      | Found an ancient bone altar of Kikubaaqudgha.
  6037 | D:10     | Entered Level 10 of the Dungeon
  6090 | D:10     | Reached XP level 11. HP: 37/47 MP: 23/26
  6256 | D:10     | Found a staircase to the Lair.
  6484 | D:10     | Reached **** piety under Wu Jian
  6833 | D:11     | Reached skill level 12 in Dodging
  6851 | D:11     | Reached skill level 10 in Short Blades
  6960 | D:11     | Found a staircase to the Orcish Mines.
  7293 | D:11     | Found a runed translucent gate.
  7293 | D:11     | Found a runed translucent gate.
  7293 | D:11     | Found a runed translucent gate.
  7293 | D:11     | Noticed a ten-headed hydra
  7293 | D:11     | Noticed an 11-headed hydra
  7293 | D:11     | Noticed TimeIsEndless's ghost (journeyman OgGl)
  7525 | D:11     | Reached XP level 12. HP: 62/62 MP: 28/28
  7600 | Orc:1    | Entered Level 1 of the Orcish Mines
  7651 | Orc:1    | Found a frozen archway.
  7805 | Orc:1    | You fall into a shaft and drop 1 floor!
  7805 | Orc:2    | Entered Level 2 of the Orcish Mines
  7819 | Orc:2    | Reached ***** piety under Wu Jian
  8223 | IceCv    | Entered an ice cave
  8624 | IceCv    | Reached skill level 13 in Dodging
  8756 | IceCv    | Noticed a reaper
  8779 | IceCv    | Mangled by a three-headed hydra simulacrum

Illustrated notes

Levels and vault maps discovered:
D:1:      lightli_arrival_quake, layout_basic
D:2:      layout_loops_corners, basic_altar, dk_noncrumbling_2
D:3:      minmay_spotlight, layout_basic, mainiacjoe_overflow_24_doors,
          mainiacjoe_overflow_catwalk, serial_shops,
          nicolae_shop_advertising_works [nicolae_subvault_shop_adworks],
          shapermc_ecumenical_altar_notcrosses, portal_sewer_entry_d,
          minmay_fractal_squares_5
D:4:      cheibrodos_greedy_goblins, layout_rooms, lemuel_doored_altar,
          minmay_temple_entry_junction, chequers_decorated_corner
D:5:      layout_cave_pools, lemuel_crystal_altar, kennysheep_okawaru_gauntlet,
          nicolae_hepliaklqana_hazy_memory, minmay_door_square
D:6:      layout_basic, uniq_pikel
D:7:      layout_gridville
D:8:      layout_loops_corners, fedhas_bush_and_centaur_altar,
          nicolae_ru_path_of_blood, uniq_gastronok, uniq_erica, uniq_psyche,
          uniq_amaemon
D:9:      layout_basic, minitemple
D:10:     cheibrodos_steamvent, layout_cave_pools, david_lair_shrubbed,
          minivault_10
D:11:     layout_basic, hiddenorc1_lemuel, gammafunk_ghost_hydra_chop
Orc:1:    layout_caves, portal_ice_cave_entry_imps, nicolae_orc_pool_cavern,
          hangedman_minor_magic
Orc:2:    grunt_orc_community_town_hall, layout_caves,
          grunt_orc_community_big_house_1, grunt_orc_community_big_house_2,
          grunt_orc_community_house_2, grunt_orc_community_house_3,
          grunt_orc_community_house_2, grunt_orc_community_house_1, basic_altar,
          mines2_david
IceCv:    ice_cave_caverns_01

Skill      XL: |  1  2  3  4  5  6  7  8  9 10 11 12 |
---------------+-------------------------------------+-----
Dodging        | 3 4 5 7 8 10 11 12 13 | 13.1
Spellcasting   | 3 4 5 6 7 9 10 11 12 | 12.1
Hexes          | 4 5 7 8 9 10 11 12 | 12.3
Short Blades   | 2 3 4 5 6 8 9 10 | 10.9
Fighting       | 6 |  6.8
Stealth        | |  4.4

Action                     |  1- 3 |  4- 6 |  7- 9 | 10-12 || total
---------------------------+-------+-------+-------+-------++-------
  Melee: Dagger            |    57 |     1 |    32 |    28 ||   118
         Short sword       |    32 |   189 |   181 |   417 ||   819
         Punch             |       |       |     2 |    11 ||    13
   Cast: Ensorcelled Hiber |     2 |    13 |    52 |    88 ||   155
         Confusing Touch   |       |     1 |     4 |    41 ||    46
         Tukima's Dance    |       |       |     1 |       ||     1
         Dazzling Flash    |       |       |     1 |     5 ||     6
Ability: Lunge             |       |     3 |    28 |    61 ||    92
         Whirlwind         |       |       |     6 |    12 ||    18
  Evoke: Wand              |       |       |     1 |    18 ||    19
    Use: Scroll            |       |       |       |    11 ||    11
         Potion            |       |       |       |     4 ||     4
   Stab: Sleeping          |    16 |    18 |    40 |    72 ||   146
         Confused          |       |     1 |     4 |    37 ||    42
         Paralysed         |       |       |     1 |     1 ||     2
         Invisible         |       |       |       |     5 ||     5
         Distracted        |       |       |       |     2 ||     2
 Armour: Robe              |    14 |     8 |       |       ||    22
         Steam dragon scal |       |       |       |     5 ||     5
         Troll leather arm |       |       |       |    10 ||    10
  Dodge: Dodged            |    68 |   151 |   139 |   256 ||   614

Table legend: (Time is in decaauts)
 A = Elapsed time spent in this place.
 B = Non-inter-level travel time spent in this place.
 C = Inter-level travel time spent in this place.
 D = Time resting spent in this place.
 E = Time spent auto-exploring this place.
 F = Levels seen in this place.
 G = Mean time per level.
                   A        B        C        D        E       F      G
               +--------+--------+--------+--------+--------+-----+--------+
         Total |   5639 |   5145 |    494 |     56 |      0 |  15 |  375.9 |
       Dungeon |   4838 |   4368 |    470 |     40 |      0 |  11 |  439.8 |
  Orcish Mines |    386 |    363 |     23 |      0 |      0 |   2 |  193.0 |
         Sewer |     52 |     52 |      0 |      0 |      0 |   1 |   52.0 |
      Ice Cave |    362 |    362 |      0 |     16 |      0 |   1 |  362.0 |
               +--------+--------+--------+--------+--------+-----+--------+

Top non-repeatable levels by time:
     D:8: 645 daAuts
    D:11: 623 daAuts
     D:9: 492 daAuts
     D:1: 474 daAuts
     D:2: 447 daAuts
     D:7: 400 daAuts
     D:3: 395 daAuts
     D:5: 366 daAuts
   IceCv: 362 daAuts
   Orc:1: 354 daAuts
     D:6: 344 daAuts
     D:4: 325 daAuts
    D:10: 323 daAuts
   Sewer: 52 daAuts
   Orc:2: 32 daAuts
